woodfighter, neutral female human Healer ------------ -------------- |..........| ---------- |............| #|..........| #.....).<.| |..j.........+######|..........| ###|.......)| |..........F.| ##.......%...| # --|------- |....h@......| # |%.........| ### # ------|------- # -.---------- # # # # ####### ### # # # # ------ # # # ### # ## |....+### ##### # # #### # -.--------- |....| # #-----# # -.----------.--# |.........| |..>.-#####|...|# ## |..............# |.........| ##-....| #-....# + |...*.........| |.....%...| # ------ |...| |.............. |.....%....#### ----- --------------- ----------- woodfighter the Rhizotomist Experience level: 2 Strength: 11 Dexterity: 10 Constitution: 13 Intelligence: 9 Wisdom: 16 Charisma: 16 Health: 0(17) Energy: 19(19) Def: 2 Gold: 1488 Moves: 614 Dungeon seed: 6eDcGT4rkH5pvgX9 Game ID: woodfighter_1505236834 Your Inventory: Coins $ - 1488 gold pieces Weapons a - a +0 scalpel (weapon in hand) Armor e - an uncursed +1 pair of leather gloves (being worn) r - an uncursed +0 robe Comestibles j - 6 blessed eucalyptus leaves k - a blessed sprig of wolfsbane l - 3 blessed cloves of garlic m - 5 uncursed apples o - an uncursed candy bar q - 2 uncursed fortune cookies Scrolls s - an uncursed scroll of light t - an uncursed scroll of scare monster u - an uncursed scroll of enchant armor Spellbooks g - a blessed spellbook of healing h - a blessed spellbook of extra healing i - a blessed spellbook of stone to flesh Potions c - 4 uncursed potions of healing d - 4 uncursed potions of extra healing Rings n - a cursed ring of polymorph Wands f - a wand of sleep (0:7) Tools b - an uncursed stethoscope p - an uncursed blindfold Spells and supernatural/magical abilities: Name Level Category Fail Memory h - healing 1 healing 8% 97% x - extra healing 3 healing 100% 97% S - stone to flesh 3 healing 100% 97% W - pray for help -- divine ? -- Your skills at the end: Miscellaneous Skills wands [Basic] Weapon Skills knife [Basic] Spellcasting Skills healing spells [Basic] Final Attributes: You were devoutly aligned. You were poison resistant. You were very stealthy. You are dead. Vanquished creatures: a hobbit 2 giant rats 5 jackals a kobold 5 newts a goblin a grid bug 3 lichens 19 creatures vanquished. Voluntary challenges: You did not adorn yourself with jewelry or accessories. You did not cause conflict. You were not invisible. You did not have reflection. You were not displaced. You were an atheist. You used a wielded weapon 28 times, starting on turn 35. You did not use containers. You did not apply a unicorn horn. You did not use plumbed fixtures. You did not drink any magical draughts. You were illiterate. You never genocided any monsters. You never polymorphed an object. You never changed form. You used no wishes. You never split a pudding. You never wrote Elbereth's name. You never violated your personal moral code. Dungeon overview: The Dungeons of Doom: levels 1 to 2 Level 1 a fountain a long staircase Level 2 <- You were here History has recorded: On T:1 you entered the Dungeons of Doom to retrieve the Amulet of Yendor! On T:41 you reached level 2 of The Dungeons of Doom. On T:291 you advanced to experience level 2. Score breakdown: Gold: 84 ( 8 points) Experience: 2 levels ( 100 points) Exploration: 2 levels ( 30 points) Discoveries: 4 items ( 200 points) Variety of kills: 8 monsters ( 400 points) Major goal: (nothing yet) ( 0 points) Survival: died (score multiplied by 3) Total score: 2214 Latest messages: The jackal is moderately wounded. The jackal bites! You kill the jackal! You see here 2 eggs. The jackal bites! You slash the jackal. The jackal is horribly wounded. The jackal bites! You kill the jackal! u - a scroll labeled DUAM XNAHT. You displace kitty. You see here 10 rocks. You see here a robe. r - a robe. You hear a hollow sound. This must be a secret door! The door resists! (2x) The door opens. The hobbit wields a dagger! The hobbit thrusts his dagger at you. The hobbit stabs you! You slash the hobbit. The hobbit is moderately wounded. The hobbit thrusts his dagger at you. The hobbit stabs you! You die... Final status: Goodbye woodfighter the Healer, killed by a hobbit... You died in The Dungeons of Doom on dungeon level 2 with 2214 points, and 1488 pieces of gold, after 614 moves. You were level 2 with a maximum of 17 hit points when you died.